 Dungeon Crawl Stone Soup version 0.28.0-53-g5a82cb258f (webtiles) character file.

Game seed: 2195651017946644653

6755 Stomo the Dancer (level 10, -1/77 HPs)
             Began as a Demonspawn Gladiator on July 3, 2022.
             Was a Follower of Uskayaw.
             Slain by a vampire
             ... wielding a +0 vampiric halberd
              (6 damage)
             ... in a bailey.
             The game lasted 00:17:30 (10105 turns).

Stomo the Dancer (Demonspawn Gladiator)            Turns: 10105, Time: 00:17:30

Health: -1/77      AC: 14    Str: 30    XL:     10   Next: 75%
Magic:  19/19      EV: 19    Int:  8    God:    Uskayaw [*.....]
Gold:   495        SH:  0    Dex: 17    Spells: 9/9 levels left

rFire   + + .      SeeInvis .   E - +2 mace (protect)
rCold   . . .      Faith    .   (no shield)
rNeg    . . .      Spirit   .   j - +0 ring mail
rPois   .          Reflect  .   c - +2 helmet
rElec   .          Harm     .   (no cloak)
rCorr   .          Rampage  .   n - +2 pair of gloves of the Jabberwock {rF+ Str+4 Int-5}
Will    .....                   B - +0 pair of boots
Stlth   +.........              A - amulet of regeneration
HPRegen 1.02/turn               l - +4 ring of evasion
MPRegen 0.16/turn               m - ring of Xeacaaha {rF+ Str+6 Dex+3}

@: no status effects
A: hooves 2, ignite blood 1, spiny 1, big brain 2
a: Renounce Religion, Stomp


You were in a bailey.
You worshipped Uskayaw.
Uskayaw was pleased with you.
You visited 2 branches of the dungeon, and saw 10 of its levels.
You also visited: Bailey.

You collected 495 gold pieces.

Inventory:

Hand Weapons
 a - a +0 flail of draining
 y - a +2 flail of draining
 z - a +1 flail of protection
 E - a +2 mace of protection (weapon)
Missiles
 d - 3 throwing nets (quivered)
Armour
 b - a +0 leather armour
 c - a +2 helmet (worn)
 j - a +0 ring mail (worn)
 n - the +2 pair of gloves of the Jabberwock (worn) {rF+ Str+4 Int-5}
   (You found it on level 2 of the Dungeon)

   Str:       It affects your strength (+4).
   Int:       It affects your intelligence (-5).
   rF:        It protects you from fire.
 o - a scarf of harm
 B - a +0 pair of boots (worn)
Jewellery
 h - a ring of resist corrosion
 l - a +4 ring of evasion (left hand)
 m - the ring of Xeacaaha (right hand) {rF+ Str+6 Dex+3}
   (You found it on level 5 of the Dungeon)

   [ring of strength]

   Str:       It affects your strength (+6).
   Dex:       It affects your dexterity (+3).
   rF:        It protects you from fire.
 t - an amulet of faith
 A - an amulet of regeneration (around neck)
 C - an amulet of reflection
Wands
 v - a wand of iceblast (7)
 x - a wand of paralysis (6)
 J - a wand of acid (10)
Scrolls
 e - 8 scrolls of identify
 u - 3 scrolls of teleportation
 F - a scroll of silence {unknown}
 I - 4 scrolls of noise {unknown}
 K - a scroll of amnesia
 L - a scroll of fear {unknown}
Potions
 f - a potion of lignification
 g - 3 potions of curing {unknown}
 i - 2 potions of invisibility {unknown}
 k - 2 potions of ambrosia {unknown}
 p - 2 potions of degeneration {unknown}
 q - a potion of cancellation {unknown}
 r - 3 potions of heal wounds {unknown}
 s - a potion of berserk rage {unknown}
 D - a potion of mutation {unknown}
 G - a potion of attraction {unknown}
 H - 2 potions of magic {unknown}


   Skills:
 + Level 6.8 Fighting
 + Level 6.6 Maces & Flails
 - Level 1.7 Throwing
 + Level 5.9 Armour
 + Level 6.6 Dodging
 * Level 12.8 Invocations


You had 9 spell levels left.
You didn't know any spells.
Your spell library contained the following spells:

 Spells                   Type           Power      Damage    Failure   Level
 Slow                     Hex            0%         N/A       52%         1
 Corpse Rot               Necr/Air       0%         N/A       65%         2
 Confusing Touch          Hex            0%         N/A       87%         3
 Vampiric Draining        Necr           0%         2d6       87%         3
 Dispel Undead            Necr           0%         3d6       99%         4
 Death Channel            Necr           0%         N/A       100%        6


Dungeon Overview and Level Annotations

Branches:
Dungeon (9/15)             Temple (1/1) D:4            Lair (0/6) D:8
 Bailey (1/1)
    Orc: D:9-12

Altars:
Cheibriados
Dithmenos
Fedhas
Hepliaklqana
Nemelex Xobeh
Ru
Sif Muna
Uskayaw
Vehumet
Wu Jian
Xom
Zin

Shops:
D:1 :   D:7 [(


Innate Abilities, Weirdness & Mutations

You have hoof-like feet.
Your demonic aura sometimes causes spilled blood to erupt in flames.
You are partially covered in sharp spines.
You have an extremely huge brain. (Int +4)


Message History

Something hits you!
* * * LOW HITPOINT WARNING * * *
You can now stomp with the beat.
The vampire closely misses you.
An orc zombie comes into view. It is wielding a +0 spear.
The vampire mumbles some strange words.
The vampire flickers and vanishes!
Unknown command.
The orc zombie is struck by your spines.
The orc zombie barely misses you.
You sock the orc zombie!
Your weapon exudes an aura of protection.
You destroy the orc zombie!
You open the door. Something hits you!
You hear some strange, mumbled words.
Something tries to affect you, but you resist.
There is an open door here.
You see here a +0 halberd.
There is an open door here.
Something tries to affect you, but you resist.
The vampire casts a spell.
The vampire flickers and vanishes!
Something tries to affect you, but you resist.
The vampire gestures wildly while chanting.
The vampire flickers and vanishes!
Something hits you but does no damage. Something hits you!! Something hits you!
* * * LOW HITPOINT WARNING * * *
Unknown command.
Something hits you!
* * * LOW HITPOINT WARNING * * *
Something bites you.
* * * LOW HITPOINT WARNING * * *
Something draws strength from your injuries!
Something hits you!
* * * LOW HITPOINT WARNING * * *
Okay, then.
As you read the scroll of fog, it crumbles to dust.
The scroll dissolves into smoke.
Something hits you.
You die...

+..#### ..≈≈ ########++#
#.....#####.≈≈ #88#......#
#.)....'..+.≈≈ #..#......#
#......#..#.≈≈
#..#...)..######...♣..#..#.≈≈
#..#...##.........♣...#..#.≈≈
#..#....##§§.§.♣....♣.#).#.≈≈
#..##.)..#.§§§.♣......#..#.≈≈
#...##)).##§@♣.♣.♣....').#.≈≈
#8....).##§°♣{§.......####.≈≈
######....##....{)......########
##....##...#.....................
#!.....##..#.....♣...............
.}.##...#..#......♣......########
##..'..#..............)...# ≈
#..'..#.......##'#.......#≈≈
#...#..#8..#####.)#.......#≈≈


There were no monsters in sight!

Vanquished Creatures
  A two-headed ogre (D:8)
  A gargoyle (Bailey)
  Psyche (D:8)
  A troll (D:8)
  A vampire (D:8)
  4 yaks (D:9)
  3 steam dragons (D:6)
  An acid dragon (D:6)
  2 water moccasins
  A sky beast (D:5)
  2 orc warriors (D:8)
  3 black bears (D:5)
  2 necrophages (D:4)
  2 centaurs
  2 ogres
  5 wolves (D:8)
  3 phantoms
  2 kobold brigands
  A bullfrog (D:8)
  2 wyvern zombies
  4 scorpions
  4 wights
  4 electric eels (D:8)
  2 howler monkeys
  7 hounds
  4 centaur zombies
  3 jellies
  6 orc priests
  2 bullfrog skeletons (D:5)
  2 centaur skeletons
  Jessica (D:3)
  An iguana (D:5)
  6 orc wizards
  3 howler monkey zombies
  12 orc zombies (Bailey)
  3 gnolls (D:6)
  2 howler monkey skeletons
  8 adders
  2 shadow imps
  2 white imps
  An ufetubus (D:7)
  3 worms
  7 dart slugs
  39 orcs
  5 endoplasms
  2 giant cockroaches
  14 goblins
  8 hobgoblins
  4 jackals (D:3)
  5 quokkas
  11 ball pythons
  2 bats
  27 kobolds
  A quokka skeleton (D:4)
  8 rats
255 creatures vanquished.

Vanquished Creatures (others)
  An orc (D:8)
  A plant (D:8)
2 creatures vanquished.

Grand Total: 257 creatures vanquished

Notes
Turn   | Place    | Note
-------+----------+-------------------------------------------
     0 | D:1      | Stomo the Demonspawn Gladiator began the quest for the Orb.
     0 | D:1      | Reached XP level 1. HP: 16/16 MP: 1/1
    46 | D:1      | Found Birphun's Book Shoppe.
   249 | D:1      | Gained mutation: Your demonic aura sometimes causes spilled
                  | blood to erupt in flames. [demonic ancestry]
   249 | D:1      | Reached XP level 2. HP: 21/22 MP: 2/2
   436 | D:1      | Reached skill level 1 in Armour
   458 | D:1      | Gained mutation: You have an unusually large brain. (Int
                  | +2) [demonic ancestry]
   458 | D:1      | Reached XP level 3. HP: 17/28 MP: 3/3
   594 | D:1      | Found a faded altar of an unknown god.
  1340 | D:2      | Identified the +2 pair of gloves of the Jabberwock {rF+
                  | Str+4 Int-5}
  1450 | D:2      | Gained mutation: You have large cloven feet. [demonic
                  | ancestry]
  1450 | D:2      | Reached XP level 4. HP: 34/34 MP: 4/4
  2308 | D:3      | Gained mutation: You have an extremely huge brain. (Int +4)
                  | [demonic ancestry]
  2308 | D:3      | Reached XP level 5. HP: 41/41 MP: 5/5
  2816 | D:3      | Noticed Jessica
  2822 | D:3      | Killed Jessica
  3215 | D:4      | Found a staircase to the Ecumenical Temple.
  3249 | D:4      | Reached XP level 6. HP: 22/47 MP: 6/6
  3471 | Temple   | Entered the Ecumenical Temple
  3629 | Temple   | Became a worshipper of Uskayaw the Reveller
  3733 | D:4      | Reached * piety under Uskayaw
  3737 | D:4      | Reached ** piety under Uskayaw
  3739 | D:4      | Reached skill level 1 in Invocations
  3837 | D:4      | Reached skill level 3 in Invocations
  4115 | D:4      | Reached skill level 4 in Invocations
  4194 | D:4      | Reached skill level 5 in Invocations
  4194 | D:4      | Gained mutation: You are partially covered in sharp spines.
                  | [demonic ancestry]
  4194 | D:4      | Reached XP level 7. HP: 36/53 MP: 10/10
  4194 | D:4      | Reached *** piety under Uskayaw
  4472 | D:4      | Reached skill level 6 in Invocations
  4793 | D:4      | Reached skill level 7 in Invocations
  5091 | D:5      | Entered Level 5 of the Dungeon
  5129 | D:5      | Identified the ring of Xeacaaha {rF+ Str+6 Dex+3}
  5286 | D:5      | Gained mutation: You have hoof-like feet. [demonic
                  | ancestry]
  5286 | D:5      | Reached XP level 8. HP: 60/60 MP: 13/13
  5450 | D:5      | Reached skill level 8 in Invocations
  5452 | D:5      | Reached **** piety under Uskayaw
  5459 | D:5      | Reached ***** piety under Uskayaw
  6015 | D:5      | Reached skill level 9 in Invocations
  6417 | D:6      | Reached skill level 5 in Fighting
  6417 | D:6      | Reached skill level 5 in Maces & Flails
  6417 | D:6      | Reached XP level 9. HP: 68/68 MP: 14/16
  6419 | D:6      | Reached skill level 5 in Dodging
  6552 | D:6      | Reached skill level 10 in Invocations
  7031 | D:6      | Found a sparkling altar of Nemelex Xobeh.
  7595 | D:7      | Found Xeshreas's Weapon Shop.
  8323 | D:7      | Found Jesela Hippa's Armour Boutique.
  8873 | D:8      | Reached skill level 11 in Invocations
  8968 | D:8      | Noticed Psyche
  8972 | D:8      | Killed Psyche
  8973 | D:8      | Reached skill level 5 in Armour
  9146 | D:8      | Reached XP level 10. HP: 70/76 MP: 18/18
  9198 | D:8      | Found a staircase to the Lair.
  9267 | D:8      | Noticed a two-headed ogre
  9282 | D:8      | Killed a two-headed ogre
  9283 | D:8      | Reached skill level 12 in Invocations
  9861 | D:9      | Found a flagged portal.
  9872 | Bailey   | Entered a bailey
  9982 | Bailey   | Noticed a gargoyle
  9993 | Bailey   | Killed a gargoyle
 10105 | Bailey   | Slain by a vampire

Illustrated notes

Levels and vault maps discovered:
D:1:      dpeg_arrival_erosion, layout_rooms, serial_shops, shop,
          basic_ecumenical_altar
D:2:      layout_basic, kennysheep_generic_room_5
D:3:      layout_rooms, kennysheep_jessica_study
D:4:      layout_basic, minmay_temple_entry_sparse_star, gup_sewer_entry_bowl
D:5:      layout_basic, columned_hall_lemuel
D:6:      cheibrodos_steamvent, layout_layer_cave,
          nemelex_xobeh_ov_fountains_minmay, lemuel_flamethrower_2
D:7:      layout_layer_cave, serial_shops, shop, nicolae_stop_n_shop_2,
          minivault_25
D:8:      layout_basic, erik_lair_island, serial_bayou_pond_b,
          nzn_life_drinkers, uniq_psyche
D:9:      layout_grid_maze, zombieorc2_lemuel, enter_bailey_3
Temple:   mainiacjoe_temple_trianglar_array
Bailey:   bailey_polearm_vampire_castle_hellmonk, bailey

Skill      XL: |  1  2  3  4  5  6  7  8  9 10 |
---------------+-------------------------------+-----
Dodging        | 3 4 5 6 |  6.6
Maces & Flails | 3 4 5 6 |  6.6
Armour         | 1 2 4 5 |  5.9
Fighting       | 3 4 5 6 |  6.8
Invocations    | 5 7 9 11 12 | 12.8
Throwing       | |  1.7

Action                   |  1- 3 |  4- 6 |  7- 9 | 10-12 || total
-------------------------+-------+-------+-------+-------++-------
Melee: Flail             |   124 |   202 |   160 |       ||   486
       Kick              |       |    50 |    46 |       ||    96
       Punch             |       |     1 |     9 |     6 ||    16
       Mace              |       |       |    99 |   143 ||   242
Invok: Stomp             |       |       |     2 |     8 ||    10
       Grand Finale      |       |       |       |     1 ||     1
  Use: Scroll            |     1 |     3 |     5 |     1 ||    10
 Stab: Paralysed         |       |       |    14 |     5 ||    19
Armor: Leather armour    |    17 |       |       |       ||    17
       Ring mail         |    37 |    99 |    87 |    53 ||   276
Dodge: Dodged            |    84 |   212 |   235 |   158 ||   689
